MAA
YAKIMA HOPS @ SAN BERNARDINO GRASSHOPPERS
07/16/2019
 
TOP OF THE 1ST
Yakima Hops batting - Pitching for San Bernardino Grasshoppers : RHP Anthony Hanover
Pitching: RHP Anthony Hanover
Batting: RHB Roberto Andrade 0-0: Ball
1-0: Swinging Strike
1-1: SOLO HOME RUN (Flyball, 7LD), Distance : 366 ft
Batting: RHB Manuel Rodríguez 0-0: Foul Ball, location: 2F
0-1: Bunt missed!
0-2: Fly out, F3 (Popup, 3F)
Batting: RHB Marshall Attwood 0-0: SINGLE (Line Drive, 8LS)
Batting: RHB Cal Jackson 0-0: Called Strike
0-1: Swinging Strike
0-2: Foul Ball, location: 2F
0-2: Strikes out swinging
Batting: RHB Rafael Durango 0-0: Called Strike
0-1: Fly out, F8 (Flyball, 8LS)
Top of the 1st over - 1 run(s), 2 hit(s), 0 error(s), 1 left on base; Yakima 1 - San Bernardino 0
BOTTOM OF THE 1ST
San Bernardino Grasshoppers batting - Pitching for Yakima Hops : LHP Mark Tucker
Pitching: LHP Mark Tucker
Batting: RHB Manny Carbajal 0-0: Ball
1-0: Swinging Strike
1-1: Foul Ball, location: 2F
1-2: Ball
2-2: Strikes out looking
Batting: RHB Dale O'Sullivan 0-0: Swinging Strike
0-1: SINGLE (Line Drive, 78M)
Batting: RHB Jack O'Brien 0-0: Ball
1-0: Ball
2-0: Ball
3-0: Base on Balls
Dale O'Sullivan to second
Batting: RHB Reggie Kahn 0-0: Grounds into double play, 6-4-3 (Groundball, 6)
Bottom of the 1st over - 0 run(s), 1 hit(s), 0 error(s), 1 left on base; Yakima 1 - San Bernardino 0
TOP OF THE 2ND
Yakima Hops batting - Pitching for San Bernardino Grasshoppers : RHP Anthony Hanover
Batting: RHB Rafael Najcrea 0-0: Ball
1-0: Called Strike
1-1: Ball
2-1: Fly out, F8 (Flyball, 8LS)
Batting: RHB Sergio García 0-0: Called Strike
0-1: Foul Ball, location: 2F
0-2: Ball
1-2: Ball
2-2: Foul Ball, location: 2F
2-2: Fly out, F9 (Flyball, 9LMF)
Batting: LHB Jesús Quintanilla 0-0: Ball
1-0: Called Strike
1-1: Swinging Strike
1-2: Ball
2-2: Ground out 6-3 (Groundball, 6M)
Top of the 2nd over - 0 run(s), 0 hit(s), 0 error(s), 0 left on base; Yakima 1 - San Bernardino 0
BOTTOM OF THE 2ND
San Bernardino Grasshoppers batting - Pitching for Yakima Hops : LHP Mark Tucker
Batting: RHB Justin Roberts 0-0: Ball
1-0: Foul Ball, location: 2F
1-1: Foul Ball, location: 2F
1-2: Strikes out swinging
Batting: LHB Davis Mills 0-0: Ball
1-0: Fly out, F9 (Flyball, 89M)
Batting: RHB Edgar García 0-0: Ball
1-0: Fly out, F8 (Flyball, 8RM)
Bottom of the 2nd over - 0 run(s), 0 hit(s), 0 error(s), 0 left on base; Yakima 1 - San Bernardino 0
TOP OF THE 3RD
Yakima Hops batting - Pitching for San Bernardino Grasshoppers : RHP Anthony Hanover
Batting: RHB Michael Martin 0-0: Called Strike
0-1: Ball
1-1: Foul Ball, location: 2F
1-2: Strikes out looking
Batting: RHB Roberto Andrade 0-0: Foul Ball, location: 2F
0-1: Foul Ball, location: 2F
0-2: Ball
1-2: Foul Ball, location: 2F
1-2: Reached on error, E6 (Groundball, 56)
Batting: RHB Manuel Rodríguez 0-0: Called Strike
0-1: Ball
1-1: Foul Ball, location: 2F
1-2: Ball
2-2: Ball
Roberto Andrade is caught stealing 2nd base
3-2: Fly out, F8 (Line Drive, 8LM)
Top of the 3rd over - 0 run(s), 0 hit(s), 1 error(s), 0 left on base; Yakima 1 - San Bernardino 0
BOTTOM OF THE 3RD
San Bernardino Grasshoppers batting - Pitching for Yakima Hops : LHP Mark Tucker
Batting: LHB Jesús Reyes 0-0: Called Strike
0-1: Ball
1-1: Ground out 1-3 (Groundball, 15)
Batting: RHB Alfonso López 0-0: Ball
1-0: Swinging Strike
1-1: Called Strike
1-2: Strikes out swinging
Batting: RHB Manny Carbajal 0-0: Ball
1-0: Ball
2-0: Ball
3-0: Called Strike
3-1: Base on Balls
Batting: RHB Dale O'Sullivan 0-0: Foul Ball, location: 2F
0-1: Swinging Strike
0-2: Ball
1-2: Ball
Wild Pitch!
Manny Carbajal to second
2-2: Ball
3-2: Foul Ball, location: 2F
3-2: Base on Balls
Batting: RHB Jack O'Brien 0-0: Called Strike
0-1: Swinging Strike
0-2: Foul Ball, location: 2F
0-2: Ball
1-2: Ball
2-2: 3-RUN HOME RUN (Flyball, 7D), Distance : 396 ft
Batting: RHB Reggie Kahn 0-0: Called Strike
0-1: Ball
1-1: Foul Ball, location: 2F
1-2: Fly out, F8 (Flyball, 8RS)
Bottom of the 3rd over - 3 run(s), 1 hit(s), 0 error(s), 0 left on base; Yakima 1 - San Bernardino 3
TOP OF THE 4TH
Yakima Hops batting - Pitching for San Bernardino Grasshoppers : RHP Anthony Hanover
Batting: RHB Marshall Attwood 0-0: Called Strike
0-1: SINGLE (Line Drive, 4M)
Batting: RHB Cal Jackson Balk!
Marshall Attwood to second
0-0: Fly out, F8 (Flyball, 8RXD)
Runner from 2nd tags up, SAFE at 3rd, no throw
Batting: RHB Rafael Durango 0-0: Ball
1-0: Foul Ball, location: 2F
1-1: Ball
2-1: Ball
3-1: 2-RUN HOME RUN (Flyball, 7D), Distance : 376 ft
Batting: RHB Rafael Najcrea 0-0: Ball
1-0: Swinging Strike
1-1: Called Strike
1-2: Ball
2-2: Ball
3-2: Base on Balls
Batting: RHB Sergio García 0-0: Ball
1-0: Called Strike
1-1: Ball
2-1: Foul Ball, location: 2F
2-2: Ball
3-2: Strikes out swinging
Batting: LHB Jesús Quintanilla 0-0: Called Strike
0-1: Ball
1-1: Foul Ball, location: 2F
1-2: Foul Ball, location: 2F
1-2: Foul Ball, location: 2F
1-2: Foul Ball, location: 2F
1-2: Ball
2-2: SINGLE (Line Drive, 6D)
Rafael Najcrea to second
Rafael Najcrea to third
Batting: RHB Michael Martin 0-0: Ball
1-0: Called Strike
1-1: Ball
2-1: Swinging Strike
2-2: Strikes out looking
Top of the 4th over - 2 run(s), 3 hit(s), 0 error(s), 2 left on base; Yakima 3 - San Bernardino 3
BOTTOM OF THE 4TH
San Bernardino Grasshoppers batting - Pitching for Yakima Hops : LHP Mark Tucker
Batting: RHB Justin Roberts 0-0: Ball
1-0: Called Strike
1-1: Ball
2-1: SOLO HOME RUN (Flyball, 7D), Distance : 398 ft
Batting: LHB Davis Mills 0-0: Ground out U3 (Groundball, 3S)
Batting: RHB Edgar García 0-0: Called Strike
0-1: Ball
1-1: Bunted foul
1-2: Ground out 4-3 (Groundball, 4)
Batting: LHB Jesús Reyes 0-0: Called Strike
0-1: Ball
1-1: Foul Ball, location: 2F
1-2: Ball
2-2: SINGLE (Line Drive, 89M)
Batting: RHB Alfonso López 0-0: Ball
1-0: Called Strike
1-1: Called Strike
1-2: Foul Ball, location: 2F
1-2: Fly out, F6 (Popup, 56D)
Bottom of the 4th over - 1 run(s), 2 hit(s), 0 error(s), 1 left on base; Yakima 3 - San Bernardino 4
TOP OF THE 5TH
Yakima Hops batting - Pitching for San Bernardino Grasshoppers : RHP Anthony Hanover
Batting: RHB Roberto Andrade 0-0: Called Strike
0-1: SINGLE (Groundball, 56D)
Batting: RHB Manuel Rodríguez 0-0: Ball
1-0: Sac Bunt - play at first, batter OUT! 5-4
Roberto Andrade to second
Batting: RHB Marshall Attwood 0-0: Called Strike
Roberto Andrade is caught stealing 3rd base
0-1: SINGLE (Flyball, 8LS)
Batting: RHB Cal Jackson 0-0: Foul Ball, location: 2F
0-1: Ball
1-1: Foul Ball, location: 2F
1-2: Ball
2-2: Strikes out swinging
Top of the 5th over - 0 run(s), 2 hit(s), 0 error(s), 1 left on base; Yakima 3 - San Bernardino 4
BOTTOM OF THE 5TH
San Bernardino Grasshoppers batting - Pitching for Yakima Hops : LHP Mark Tucker
Batting: RHB Manny Carbajal 0-0: Foul Ball, location: 2F
0-1: Ball
1-1: Ball
2-1: Ball
3-1: Foul Ball, location: 2F
3-2: Fly out, F8 (Line Drive, 8RM)
Batting: RHB Dale O'Sullivan 0-0: Ball
1-0: Foul Ball, location: 2F
1-1: Foul Ball, location: 2F
1-2: Foul Ball, location: 2F
1-2: Ball
2-2: Ball
3-2: Strikes out swinging, 2-3 out at first.
Batting: RHB Jack O'Brien 0-0: Ball
1-0: Ball
2-0: Ball
3-0: Called Strike
3-1: Swinging Strike
3-2: Strikes out swinging
Bottom of the 5th over - 0 run(s), 0 hit(s), 0 error(s), 0 left on base; Yakima 3 - San Bernardino 4
TOP OF THE 6TH
Yakima Hops batting - Pitching for San Bernardino Grasshoppers : RHP Anthony Hanover
Batting: RHB Rafael Durango 0-0: Called Strike
0-1: Called Strike
0-2: Strikes out swinging
Batting: RHB Rafael Najcrea 0-0: Called Strike
0-1: Fly out, F8 (Flyball, 8RM)
Batting: RHB Sergio García 0-0: Ball
1-0: Called Strike
1-1: Ball
2-1: SINGLE (Line Drive, 89M)
Pitching: RHP Nate Arredondo
Batting: LHB Jesús Quintanilla 0-0: Ball
1-0: SINGLE (Line Drive, 7S)
Sergio García to second
Batting: RHB Michael Martin 0-0: Called Strike
0-1: Ball
1-1: Swinging Strike
1-2: Strikes out swinging
Top of the 6th over - 0 run(s), 2 hit(s), 0 error(s), 2 left on base; Yakima 3 - San Bernardino 4
BOTTOM OF THE 6TH
San Bernardino Grasshoppers batting - Pitching for Yakima Hops : LHP Mark Tucker
Batting: RHB Reggie Kahn 0-0: Called Strike
0-1: Swinging Strike
0-2: Ball
1-2: Ball
2-2: Foul Ball, location: 2F
2-2: Ground out 5-3 (Groundball, 5L)
Batting: RHB Justin Roberts 0-0: Ball
1-0: Called Strike
1-1: Foul Ball, location: 2F
1-2: Strikes out swinging
Batting: LHB Davis Mills 0-0: Ball
1-0: Ball
2-0: Foul Ball, location: 2F
2-1: SINGLE (Groundball, 34D)
Batting: RHB Edgar García 0-0: Ball
1-0: Foul Ball, location: 2F
1-1: Ball
2-1: Ground out 5-3 (Groundball, 5)
Bottom of the 6th over - 0 run(s), 1 hit(s), 0 error(s), 1 left on base; Yakima 3 - San Bernardino 4
TOP OF THE 7TH
Yakima Hops batting - Pitching for San Bernardino Grasshoppers : RHP Nate Arredondo
Batting: RHB Roberto Andrade 0-0: Ball
1-0: Swinging Strike
1-1: Fly out, F8 (Flyball, 8LS)
Batting: RHB Manuel Rodríguez 0-0: Called Strike
0-1: Fly out, F8 (Flyball, 8RM)
Batting: RHB Marshall Attwood 0-0: Fly out, F9 (Flyball, 9LM)
Top of the 7th over - 0 run(s), 0 hit(s), 0 error(s), 0 left on base; Yakima 3 - San Bernardino 4
BOTTOM OF THE 7TH
San Bernardino Grasshoppers batting - Pitching for Yakima Hops : LHP Mark Tucker
Batting: LHB Jesús Reyes 0-0: Called Strike
0-1: Ball
1-1: Ball
2-1: Swinging Strike
2-2: Foul Ball, location: 2F
2-2: Fly out, F5 (Popup, 5SF)
Batting: RHB Alfonso López 0-0: Swinging Strike
0-1: Ball
1-1: Ball
2-1: Called Strike
2-2: Foul Ball, location: 2F
2-2: Ground out 6-3 (Groundball, 6)
Batting: RHB Manny Carbajal 0-0: Ball
1-0: Called Strike
1-1: Ball
2-1: Called Strike
2-2: Fly out, F8 (Flyball, 89D)
Bottom of the 7th over - 0 run(s), 0 hit(s), 0 error(s), 0 left on base; Yakima 3 - San Bernardino 4
TOP OF THE 8TH
Yakima Hops batting - Pitching for San Bernardino Grasshoppers : RHP Nate Arredondo
Pitching: RHP César Rivera
Now at C: Ron Clark
Batting: RHB Cal Jackson 0-0: Ball
1-0: Ball
2-0: SOLO HOME RUN (Flyball, 7D), Distance : 388 ft
Pinch Hitting: SHB Ramón Morales 0-0: Ball
1-0: Ball
2-0: Foul Ball, location: 2F
2-1: Foul Ball, location: 2F
2-2: Ball
3-2: Ground out 4-3 (Groundball, 4)
Batting: RHB Rafael Najcrea 0-0: Called Strike
0-1: Ground out 6-3 (Groundball, 6)
Batting: RHB Sergio García 0-0: Ball
1-0: SINGLE (Line Drive, 34D)
Pinch Hitting: RHB Jim Unknown 0-0: Reached on error, E5 (Groundball, 5S)
Sergio García to third
Batting: RHB Michael Martin 0-0: Ball
1-0: Foul Ball, location: 2F
1-1: Ball
2-1: Foul Ball, location: 2F
2-2: Foul Ball, location: 2F
2-2: Strikes out swinging
Top of the 8th over - 1 run(s), 2 hit(s), 1 error(s), 2 left on base; Yakima 4 - San Bernardino 4
BOTTOM OF THE 8TH
San Bernardino Grasshoppers batting - Pitching for Yakima Hops : LHP Mark Tucker
Pitching: RHP Steve Bryan
Now at 2B: Carlos Sánchez
Now at SS: Craig Barnes
Pinch Hitting: RHB Mike Alford 0-0: Swinging Strike
0-1: Ball
1-1: Ball
2-1: Called Strike
2-2: Fly out, F9 (Flyball, 89M)
Batting: RHB Jack O'Brien 0-0: Called Strike
0-1: Foul Ball, location: 2F
0-2: Ball
1-2: Strikes out looking
Batting: RHB Reggie Kahn 0-0: Swinging Strike
0-1: Ball
1-1: Called Strike
1-2: Strikes out swinging
Bottom of the 8th over - 0 run(s), 0 hit(s), 0 error(s), 0 left on base; Yakima 4 - San Bernardino 4
TOP OF THE 9TH
Yakima Hops batting - Pitching for San Bernardino Grasshoppers : RHP César Rivera
Now at 2B: Iván Miranda
Batting: RHB Roberto Andrade 0-0: Ball
1-0: Swinging Strike
1-1: Foul Ball, location: 2F
1-2: Strikes out swinging
Batting: RHB Manuel Rodríguez 0-0: Ball
1-0: Called Strike
1-1: Ball
2-1: Ball
3-1: Foul Ball, location: 2F
3-2: Foul Ball, location: 2F
3-2: Foul Ball, location: 2F
3-2: Ground out 2-3 (Groundball, 25)
Batting: RHB Marshall Attwood 0-0: Foul Ball, location: 2F
0-1: Ball
1-1: Foul Ball, location: 2F
1-2: Ball
2-2: Ball
3-2: Fly out, F7 (Flyball, 78S)
Top of the 9th over - 0 run(s), 0 hit(s), 0 error(s), 0 left on base; Yakima 4 - San Bernardino 4
BOTTOM OF THE 9TH
San Bernardino Grasshoppers batting - Pitching for Yakima Hops : RHP Steve Bryan
Pitching: LHP Jim Unknown
Batting: RHB Ron Clark 0-0: Fly out, F6 (Popup, 8LS)
Batting: LHB Davis Mills 0-0: Ball
1-0: Foul Ball, location: 2F
1-1: Foul Ball, location: 2F
1-2: Strikes out looking
Pinch Hitting: RHB Mike Gamble 0-0: Ball
1-0: Called Strike
1-1: Ball
2-1: Foul Ball, location: 2F
2-2: Foul Ball, location: 2F
2-2: Ball
3-2: SINGLE (Line Drive, 34)
Pinch Hitting: RHB Tommaso Reyna 0-0: Fielders Choice at 2nd, 6-4 (Groundball, 6)
Bottom of the 9th over - 0 run(s), 1 hit(s), 0 error(s), 0 left on base; Yakima 4 - San Bernardino 4
TOP OF THE 10TH
Yakima Hops batting - Pitching for San Bernardino Grasshoppers : RHP César Rivera
Now at 2B: William Miles
Now in RF: Tommaso Reyna
Batting: RHB Cal Jackson 0-0: Ball
1-0: Foul Ball, location: 2F
1-1: Foul Ball, location: 2F
1-2: Ball
2-2: Ground out 6-3 (Groundball, 6)
Batting: SHB Carlos Sánchez 0-0: Ball
1-0: Ball
2-0: Ball
3-0: Called Strike
3-1: Base on Balls
Batting: RHB Rafael Najcrea 0-0: Ball
1-0: Fly out, F7 (Line Drive, 7D)
Runner from 1st tags up, SAFE at 2nd
Batting: RHB Sergio García 0-0: Swinging Strike
0-1: Swinging Strike
0-2: Ball
1-2: Foul Ball, location: 2F
1-2: Ball
2-2: Ball
3-2: Base on Balls
Pitching: RHP Alonso Cruz
Batting: SHB Craig Barnes 0-0: Called Strike
0-1: Foul Ball, location: 2F
0-2: Foul Ball, location: 2F
0-2: Ball
1-2: Strikes out swinging
Top of the 10th over - 0 run(s), 0 hit(s), 0 error(s), 2 left on base; Yakima 4 - San Bernardino 4
BOTTOM OF THE 10TH
San Bernardino Grasshoppers batting - Pitching for Yakima Hops : LHP Jim Unknown
Pinch Hitting: RHB Jake Castle 0-0: Foul Ball, location: 2F
0-1: Fly out, F9 (Flyball, 9LM)
Batting: RHB Manny Carbajal 0-0: Ball
1-0: SINGLE (Groundball, 56D)
Batting: RHB Iván Miranda 0-0: Ball
1-0: Foul Ball, location: 2F
1-1: Ball
2-1: Foul Ball, location: 2F
2-2: Ball
3-2: SINGLE (Groundball, 6D)
Manny Carbajal to second
Batting: RHB Jack O'Brien 0-0: Called Strike
Manny Carbajal steals 3rd base
Iván Miranda to second
0-1: Intentional Walk
Batting: RHB Reggie Kahn 0-0: Swinging Strike
0-1: Called Strike
0-2: Foul Ball, location: 2F
0-2: Foul Ball, location: 2F
0-2: Strikes out looking
Batting: RHB Ron Clark 0-0: Ball
1-0: Ball
2-0: Ball
3-0: Base on Balls
Manny Carbajal scores
Iván Miranda to third
Jack O'Brien to second
This league is powered by Out of the Park Baseball, the baseball management simulation game for PC, Mac and Linux
Saturday, July 25th, 2015 - OOTP Baseball 15.6 Build 34